 Dungeon Crawl Stone Soup version 0.24.0-1-gfbc8707122 (webtiles) character file.

Game seed: 12945326330565151378, levelgen mode: classic

175 EnegeticOcto the Sneak (level 5, -1/51 HPs)
             Began as an Octopode Air Elementalist on Oct 27, 2019.
             Slain by a bullfrog skeleton (4 damage)
             ... on level 4 of the Dungeon.
             The game lasted 00:02:58 (3682 turns).

EnegeticOcto the Sneak (Octopode Air Elementalist)  Turns: 3682, Time: 00:02:58

Health: -1/51      AC: 22    Str:  7    XL:     5   Next: 55%
Magic:  8/8        EV:  2    Int: 19    God:
Gold:   121        SH:  0    Dex: 12    Spells: 7/8 levels left

rFire    . . .     SeeInvis .   g - +0 short sword
rCold    . . .     Gourm    .   (no shield)
rNeg     + + +     Faith    .   (helmet currently unavailable)
rPois    +         Spirit   .   (no amulet)
rElec    .         Reflect  .   (no ring)
rCorr    .         Harm     .   (no ring)
MR       .....     NoTele   +   (no ring)
Stlth    +++.......             (no ring)
HPRegen  0.17/turn              (no ring)
MPRegen  0.11/turn              (no ring)
                                (no ring)
                                (no ring)

@: tree-form
A: almost no armour, stealthy swim, (amphibious), 8 rings, (constrict 8)
a: no special abilities


You were on level 4 of the Dungeon.
You were not hungry.
You were a tree.
You visited 2 branches of the dungeon, and saw 6 of its levels.

You collected 121 gold pieces.

Inventory:

Hand Weapons
 g - a +0 short sword (weapon)
Jewellery
 k - an uncursed ring of resist corrosion {unknown}
Scrolls
 a - a scroll of enchant weapon {unknown}
 c - 3 scrolls of identify {unknown}
 f - a scroll of magic mapping {unknown}
 j - a scroll of teleportation {unknown}
 o - a scroll of remove curse {unknown}
Potions
 b - a potion of haste {@q4 !q}
 d - a potion of berserk rage {unknown}
 i - a potion of flight {unknown}
 m - a potion of cancellation {unknown}
 n - a potion of curing {unknown}
Comestibles
 e - 6 rations


   Skills:
 + Level 2.2 Fighting
 * Level 2.5 Short Blades
 + Level 3.1 Dodging
 + Level 4.4 Stealth
 - Level 2.0 Spellcasting
 - Level 1.0 Conjurations
 - Level 3.0 Air Magic


You had 7 spell levels left.
You knew the following spells:

 Your Spells              Type           Power        Failure   Level  Hunger
a - Shock                 Conj/Air       #...         8%          1    #......

Your spell library contained the following spells:

 Spells                   Type           Power        Failure   Level  Hunger
 Swiftness                Chrm/Air       #.......     14%         2    ###....
 Static Discharge         Conj/Air       #.......     22%         3    ###....
 Airstrike                Air            ##........   43%         4    #####..
 Lightning Bolt           Conj/Air       #.........   90%         5    ######.


Dungeon Overview and Level Annotations

Branches:
Dungeon (5/15)             Temple (1/1) D:5

Altars:
Ashenzari
Dithmenos
Elyvilon
Fedhas
Gozag
Hepliaklqana
Makhleb
Nemelex Xobeh
Okawaru
Sif Muna
Wu Jian
Xom
Yredelemnul
Zin
The Shining One

Annotations:
D:2 1 runed translucent door, Crazy Yiuf


Innate Abilities, Weirdness & Mutations

You cannot wear most types of armour.
You are very stealthy in the water. (Stealth+)
((You are amphibious.))
You can wear up to eight rings at the same time.
((You can use your tentacles to constrict eight enemies at once.))
((Your skin changes colour to match your surroundings (Stealth+).))
((Your rubbery body absorbs attacks. (AC +1, EV +1)))


Message History

A hobgoblin comes into view. It is wielding a +0 club.
A hobgoblin is nearby!
You fall into a shaft and drop 2 floors!
The shaft crumbles and collapses.
You now have 121 gold pieces (gained 14).
Found 20 arrows.
You see here 20 arrows.
Found 19 bolts.
c - 3 scrolls labeled ARIL XOUKHLA (gained 1)
n - a murky white potion
o - a scroll labeled BUSIGESUANN
Found a stone staircase leading up.
Found a staircase to the Ecumenical Temple.
Found 18 stones.
There is a staircase to the Ecumenical Temple here.
You are feeling hungry.
You climb downwards.
Welcome to the Ecumenical Temple!
Found six altars.
There is a staircase back to the Dungeon here.
Eating a chunk of flesh.
You eat the chunk of flesh.
This raw flesh tastes terrible.
Found a basalt altar of Yredelemnul and a shimmering blue altar of Sif Muna.
Found a glowing silver altar of Zin.
Found a shattered altar of Ashenzari.
There is a blossoming altar of Fedhas here.
Found a white marble altar of Elyvilon.
Found an ornate altar of the Wu Jian Council.
There is a hazy altar of Hepliaklqana here.
Found a shadowy altar of Dithmenos.
Found an opulent altar of Gozag.
There is a shimmering altar of Xom here.
There is a shimmering blue altar of Sif Muna here.
Done exploring.
There is a staircase back to the Dungeon here.
You climb upwards.
Welcome back to the Dungeon!
There is a staircase to the Ecumenical Temple here.
There is a stone staircase leading up here.
You climb upwards.
The adder hisses angrily.
A frilled lizard, a giant cockroach and a skeleton come into view.
Found a stone staircase leading up.
There is a stone staircase leading down here.
You barely miss the giant cockroach. You grab the giant cockroach.
You squeeze the giant cockroach.
You kill the giant cockroach!
You miss the adder. Your grab misses the adder. The adder barely misses you.
You hit the adder but do no damage. Your grab misses the adder.
The adder bites you.
You closely miss the adder. You grab the adder. You constrict the adder.
The adder misses you. The adder bites you but does no damage.
You hit the adder.
The adder is lightly wounded.
You constrict the adder. The adder barely misses you.
You hit the adder but do no damage.
The adder is moderately wounded.
You constrict the adder.
The frilled lizard hisses angrily.
The adder barely misses you.
You hit the adder. Your squeeze misses the adder.
The adder is heavily wounded.
You constrict the adder. The adder closely misses you.
The bullfrog skeleton hits you. The adder misses you.
You hit the adder.
You squeeze the adder, but do no damage.
The adder is severely wounded.
You constrict the adder. The bullfrog skeleton hits you. The adder bites you.
The bullfrog skeleton barely misses you.
You hit the adder.
You kill the adder!
The bullfrog skeleton completely misses you.
You hit the bullfrog skeleton. You grab the bullfrog skeleton.
The bullfrog skeleton is lightly damaged.
You constrict the bullfrog skeleton. The frilled lizard bites you.
The bullfrog skeleton hits you.
You hit the bullfrog skeleton.
The bullfrog skeleton is moderately damaged.
You constrict the bullfrog skeleton. The bullfrog skeleton hits you.
The frilled lizard completely misses you.
You are too injured to fight recklessly!
You are too injured to fight recklessly!
You are too injured to fight recklessly!
You are too injured to fight recklessly!
You are too injured to fight recklessly!
You are too injured to fight recklessly!
You release your grip on the bullfrog skeleton.
The bullfrog skeleton closely misses you.
The bullfrog skeleton hits you.
* * * LOW HITPOINT WARNING * * *
You see here an adder corpse.
You hit the bullfrog skeleton. You grab the bullfrog skeleton.
The bullfrog skeleton is heavily damaged.
You constrict the bullfrog skeleton. The bullfrog skeleton hits you.
* * * LOW HITPOINT WARNING * * *
The bullfrog skeleton hits you.
* * * LOW HITPOINT WARNING * * *
Really quaff the potion of lignification?
You turn into a tree.
Your roots penetrate the ground.
You lose your grip on the bullfrog skeleton.
The bullfrog skeleton hits you.
You die...

#### ..# #.#
#######♣#
#.....#Z#
.......l####
...##..>...#
#......#
.........#
...##.......<
..
##...#.##.# .
##.##.# #


You could see a frilled lizard and a bullfrog skeleton.

Vanquished Creatures
  A hound (D:2)
  An orc priest (D:3)
  An orc wizard (D:3)
  Robin (D:2)
  An adder (D:4)
  2 worms
  A dart slug (D:1)
  A leopard gecko (D:2)
  3 orcs (D:3)
  4 giant cockroaches
  11 goblins
  10 hobgoblins
  A quokka (D:2)
  3 ball pythons
  4 bats
  2 frilled lizards (D:1)
  10 kobolds
  4 rats
61 creatures vanquished.

Notes
Turn   | Place    | Note
-------+----------+-------------------------------------------
     0 | D:1      | EnegeticOcto the Octopode Air Elementalist began the quest
                  | for the Orb.
     0 | D:1      | Reached XP level 1. HP: 11/11 MP: 3/3
   341 | D:1      | Reached skill level 3 in Stealth
   377 | D:1      | Reached XP level 2. HP: 18/18 MP: 3/5
   652 | D:1      | Reached skill level 1 in Fighting
  1474 | D:2      | Reached XP level 3. HP: 22/23 MP: 6/6
  1537 | D:2      | Found a faded altar of an unknown god.
  1601 | D:2      | Found a runed translucent door.
  1602 | D:2      | Noticed Crazy Yiuf
  1929 | D:2      | Found a burning altar of Makhleb.
  1933 | D:2      | Reached skill level 1 in Short Blades
  1933 | D:2      | Reached XP level 4. HP: 22/28 MP: 7/7
  2319 | D:2      | Noticed Robin
  2327 | D:2      | Killed Robin
  2757 | D:2      | Reached skill level 4 in Stealth
  2987 | D:3      | Reached XP level 5. HP: 26/34 MP: 8/8
  3500 | D:3      | You fall into a shaft and drop 2 floors!
  3500 | D:5      | Entered Level 5 of the Dungeon
  3581 | D:5      | Found a staircase to the Ecumenical Temple.
  3588 | Temple   | Entered the Ecumenical Temple
  3682 | D:4      | Slain by a bullfrog skeleton

Levels and vault maps discovered:
D:1:      dpeg_arrival_chase, layout_basic, nrook_campfire,
          serial_bayou_lagoon_a
D:2:      layout_loops_ring, makhleb_blood_cavern_becter,
          chequers_ecumenical_altar_twisty, kennysheep_generic_room_3,
          uniq_crazy_yiuf_cottage, uniq_robin
D:3:      layout_basic, first_ration
D:4:      layout_loops_ring, chequers_temple_overflow_minitemple,
          bh_walls_and_bars
D:5:      layout_loops_corners, lemuel_round_altar, minmay_temple_entry_tees,
          due_unseen_surprise
Temple:   eino_temple_lava

Skill      XL: |  1  2  3  4 |
---------------+-------------+-----
Stealth        | 3 4 |  4.4
Fighting       | 1 2 |  2.2
Short Blades   | 1 2 |  2.5
Dodging        | 3 |  3.1
Spellcasting   | |  2.0
Conjurations   | |  1.0
Air Magic      | |  3.0

Action                   |  1- 3 |  4- 6 || total
-------------------------+-------+-------++-------
Melee: Unarmed           |    16 |     7 ||    23
       Constrict         |    14 |    21 ||    35
       Tentacles         |    11 |    12 ||    23
       Short sword       |    29 |    85 ||   114
 Cast: Shock             |    16 |       ||    16
  Use: Potion            |       |     3 ||     3
 Stab: Sleeping          |     5 |     5 ||    10
  Eat: Chunk             |     3 |     6 ||     9
Armor: Skin              |       |    11 ||    11
Dodge: Dodged            |    27 |    38 ||    65
